 Dungeon Crawl Stone Soup version 0.21.1-1-g345015f (webtiles) character file.

3798 matnasc the Basher (level 9, -3/78 HPs)
             Began as a Minotaur Fighter on Apr 5, 2018.
             Was a Believer of Qazlal.
             Slain by a two-headed ogre
             ... wielding a +0 giant club
              (14 damage)
             ... on level 8 of the Dungeon.
             The game lasted 01:01:30 (8901 turns).

matnasc the Basher (Minotaur Fighter)               Turns: 8901, Time: 01:01:31

Health: -3/78      AC: 13    Str: 22    XL:     9   Next: 96%
Magic:  9/9        EV:  9    Int:  6    God:    Qazlal [**....]
Gold:   178        SH:  3    Dex: 11    Spells: 8/8 levels left

rFire    + . .     SeeInvis .   d - +0 dire flail (drain)
rCold    + . .     Gourm    .   (shield currently unavailable)
rNeg     . . .     Faith    .   o - +0 chain mail
rPois    +         Spirit   .   (helmet restricted)
rElec    +         Reflect  .   B - scarf {repulsion}
rCorr    +         Harm     .   C - +1 pair of gloves
MR       .....                  (no boots)
Stlth    ..........             (no amulet)
HPRegen  0.23/turn              v - ring of flight
MPRegen  0.11/turn              f - ring of wizardry

@: resistant, repel missiles
A: retaliatory headbutt, horns 2
a: Upheaval, Renounce Religion, Evoke Flight


You were on level 8 of the Dungeon.
You worshipped Qazlal.
Qazlal was pleased with you.
You were not hungry.

You visited 2 branches of the dungeon, and saw 10 of its levels.

You collected 446 gold pieces.
You spent 268 gold pieces at shops.

Inventory:

Hand Weapons
 d - a +0 dire flail of draining (weapon)
 r - a +2 halberd of chopping
Armour
 o - a +0 chain mail (worn)
 B - a scarf of repulsion (worn)
 C - a +1 pair of gloves (worn)
Jewellery
 f - a ring of wizardry (right hand)
 v - a ring of flight (left hand)
Wands
 y - a wand of iceblast (5)
 z - a wand of flame (28)
Scrolls
 b - 2 scrolls of fog {unknown}
 e - 2 scrolls of teleportation {unknown}
 i - a scroll of noise
 j - a scroll of immolation {unknown}
 k - 5 scrolls of amnesia
 p - 2 scrolls of blinking
 t - a scroll of remove curse
 u - 2 scrolls of magic mapping {unknown}
Potions
 c - 4 potions of degeneration {unknown}
 g - 2 potions of curing
 h - a potion of resistance
 l - a potion of cancellation
 m - 3 potions of haste
 n - 3 potions of flight
 q - 2 potions of ambrosia
 w - a potion of lignification
 A - a potion of brilliance {unknown}
Books
 s - a book of Party Tricks

   Spells                             Type                      Level
   a - Summon Butterflies             Summoning                    1
   b - Apportation                    Translocation                1
   c - Lesser Beckoning               Translocation                3
   d - Tukima's Dance                 Hexes                        3
   e - Alistair's Intoxication        Transmutation/Poison         5
   f - Invisibility                   Hexes                        6
Comestibles
 x - 11 rations


   Skills:
 + Level 6.8 Fighting
 + Level 10.4 Maces & Flails
 + Level 4.9 Polearms
 + Level 9.3 Armour
 + Level 3.2 Dodging
 + Level 1.5 Stealth
   Level 6.3 Shields
 + Level 1.9 Evocations


You had 8 spell levels left.
You didn't know any spells.

Dungeon Overview and Level Annotations

Branches:
Dungeon (9/15)             Temple (1/1) D:5
   Lair: D:8-11         Orc: D:9-12

Altars:
Ashenzari
Dithmenos
Elyvilon
Fedhas
Gozag
Hepliaklqana
Kikubaaqudgha
Makhleb
Nemelex Xobeh
Okawaru
Qazlal
Ru
Sif Muna
Uskayaw
Vehumet
Wu Jian
Xom
Zin

Shops:
D:4 }:!*   D:7 *


Innate Abilities, Weirdness & Mutations

You reflexively headbutt those who attack you in melee.
You have a pair of horns on your head.


Message History

There is a stone staircase leading up here.
You can't go down here!
The two-headed ogre hits you with a giant club.
The two-headed ogre hits you with a giant spiked club!
* * * LOW HITPOINT WARNING * * *
You climb upwards.
There is a stone staircase leading down here.
You feel protected. The two-headed ogre misses you. x2
You feel much better.
Aiming: Throw Flame
Press: ? - help, Shift-Dir - straight line, f - two-headed ogre
Aim: a two-headed ogre, wielding a giant club and a giant spiked club (sparse dust)
The puff of flame hits the two-headed ogre.
The two-headed ogre is lightly wounded.
The two-headed ogre hits you with a giant club!!
* * * LOW HITPOINT WARNING * * *
The two-headed ogre hits you but does no damage.
The two-headed ogre hits you with a giant club!
You die...

≈≈≈≈≈..####################
####≈..##.................#
...#≈.[##.###############.#
.∩..≈..##.# #.#
...#≈..##.###############.#
####≈...(..............##.#
≈≈≈≈≈).##.######.#####.##.#
....)))##.# ##### #.##.#
##..#...#.# ##@## #.##.#
##.###..#.# #8O..8# #.##.#
.....#..#.# #...).# #.##.#
##...#..#.# #8.....8##.##.#
#...#..#.# ##.....###.##.#
##......#.# #8..$8# #.##.#
.....#.##.# ##.....###.##.#
#..#.#.##.# 8.....8 #.##.#
#..#.(.##.# #.....###.##.#


You could see a two-headed ogre.

Vanquished Creatures
  Grinder (D:4)
  A wyvern (D:8)
  Edmund (D:4)
  Duvessa (D:6)
  2 sky beasts
  A phantom (D:7)
  A hornet zombie (D:6)
  2 ice beasts
  A necrophage (D:9)
  3 ogres
  3 centaurs
  A big kobold (D:8)
  A gnoll sergeant (D:7)
  Dowan (D:6)
  3 bullfrogs
  5 scorpions
  4 killer bees (D:8)
  5 wights (D:6)
  3 howler monkeys (D:9)
  4 crimson imps
  2 bullfrog skeletons
  2 orc priests
  A centaur skeleton (D:4)
  2 gnoll shamans (D:4)
  2 iguanas
  An orc wizard (D:4)
  11 worker ants
  A worker ant zombie (D:6)
  12 gnolls
  7 adders
  2 oozes (D:1)
  An adder zombie (D:6)
  2 adder skeletons
  3 worms
  A dart slug (D:3)
  7 leopard geckos
  22 orcs
  2 giant cockroaches
  2 hobgoblins
  10 jackals
  9 kobolds
  2 quokkas (D:5)
  A ball python (D:2)
  11 bats
  2 frilled lizards
  A giant cockroach zombie (D:5)
  6 goblins
  A leopard gecko skeleton (D:6)
  6 rats
  A fungus (D:4)
177 creatures vanquished.

Vanquished Creatures (others)
  5 fungi (D:4)
5 creatures vanquished.

Grand Total: 182 creatures vanquished

Notes
Turn   | Place    | Note
-------+----------+-------------------------------------------
     0 | D:1      | matnasc the Minotaur Fighter began the quest for the Orb.
     0 | D:1      | Reached XP level 1. HP: 19/19 MP: 0/0
   133 | D:1      | Reached XP level 2. HP: 25/27 MP: 1/1
  1083 | D:2      | Reached XP level 3. HP: 10/33 MP: 2/2
  1719 | D:3      | Reached XP level 4. HP: 35/40 MP: 3/3
  1925 | D:3      | Found a stormy altar of Qazlal.
  1939 | D:3      | Reached skill level 1 in Dodging
  1939 | D:3      | Reached skill level 5 in Shields
  1985 | D:3      | Became a worshipper of Qazlal Stormbringer
  2282 | D:3      | Found a glowing silver altar of Zin.
  2518 | D:4      | Reached XP level 5. HP: 46/46 MP: 4/4
  2775 | D:4      | Noticed Edmund
  2777 | D:4      | Reached skill level 5 in Armour
  2786 | D:4      | Killed Edmund
  2786 | D:4      | Reached XP level 6. HP: 27/53 MP: 5/5
  3150 | D:4      | Found Efaimipn's Book Emporium.
  3216 | D:4      | Found a white marble altar of Elyvilon.
  3355 | D:4      | Found Lakipinu's Distillery.
  3359 | D:4      | Noticed Grinder
  3362 | D:4      | Bought a potion of lignification for 33 gold pieces
  3362 | D:4      | Bought a potion of curing for 33 gold pieces
  3378 | D:4      | Paralysed by Grinder for 5 turns
  3387 | D:4      | Killed Grinder
  3387 | D:4      | Reached skill level 1 in Maces & Flails
  3387 | D:4      | Reached XP level 7. HP: 24/60 MP: 6/6
  3677 | D:4      | Found Lulam's Gadget Shop.
  3917 | D:4      | Reached skill level 2 in Maces & Flails
  3939 | D:4      | Reached skill level 1 in Stealth
  3947 | D:4      | Reached skill level 3 in Maces & Flails
  3953 | D:4      | Reached * piety under Qazlal
  3953 | D:4      | Reached skill level 5 in Fighting
  4191 | D:4      | Found Jacyo's Assorted Antiques.
  4329 | D:5      | Entered Level 5 of the Dungeon
  4415 | D:5      | Reached skill level 4 in Maces & Flails
  4415 | D:5      | Reached XP level 8. HP: 68/68 MP: 7/7
  4426 | D:5      | Reached skill level 1 in Evocations
  4766 | D:5      | Found a staircase to the Ecumenical Temple.
  4782 | Temple   | Entered the Ecumenical Temple
  5060 | D:5      | Reached skill level 5 in Maces & Flails
  5154 | D:5      | Found an ancient bone altar of Kikubaaqudgha.
  5399 | D:6      | Found a hide-covered altar of Uskayaw.
  5425 | D:6      | Noticed Dowan
  5426 | D:6      | Noticed Duvessa
  5451 | D:6      | Killed Duvessa
  5477 | D:6      | Killed Dowan
  5477 | D:6      | Reached skill level 6 in Maces & Flails
  5669 | D:6      | Reached skill level 7 in Maces & Flails
  5682 | D:6      | Reached ** piety under Qazlal
  5729 | D:6      | Reached XP level 9. HP: 22/75 MP: 9/9
  5776 | D:6      | Reached skill level 8 in Maces & Flails
  6321 | D:6      | Found the +3 robe of Folly {Archmagi, MR-- Int+5}
  6791 | D:7      | Found a deep blue altar of Sif Muna.
  6988 | D:7      | Found Hyeq's General Store.
  6991 | D:7      | Bought a scroll of identify for 30 gold pieces
  6991 | D:7      | Bought a +1 pair of gloves for 172 gold pieces
  7427 | D:8      | Reached skill level 9 in Maces & Flails
  7674 | D:8      | Found a flagged portal.
  7842 | D:8      | Found a shadowy altar of Dithmenos.
  7934 | D:8      | Found an opulent altar of Gozag.
  8564 | D:9      | Reached skill level 10 in Maces & Flails
  8861 | D:9      | Noticed a two-headed ogre
  8901 | D:8      | Slain by a two-headed ogre

Skill      XL: |  1  2  3  4  5  6  7  8  9 |
---------------+----------------------------+-----
Shields        | 4 5 6 |  6.3
Armour         | 4 5 6 7 9 |  9.3
Fighting       | 4 5 6 |  6.8
Polearms       | 3 4 |  4.9
Dodging        | 1 2 3 |  3.2
Maces & Flails | 1 4 7 10 | 10.4
Stealth        | 1 |  1.5
Evocations     | 1 |  1.9

Action                   |  1- 3 |  4- 6 |  7- 9 || total
-------------------------+-------+-------+-------++-------
Melee: Trident           |    81 |    62 |       ||   143
       Headbutt          |    12 |    18 |    53 ||    83
       Dire flail        |       |    31 |   334 ||   365
 Abil: Evoke Flight      |       |       |     1 ||     1
Evoke: Wand              |       |     4 |     4 ||     8
  Use: Potion            |     3 |     7 |     5 ||    15
       Scroll            |     2 |       |     8 ||    10
 Stab: Confused          |       |       |     1 ||     1
       Held in net/web   |       |       |     1 ||     1
  Eat: Ration            |     1 |     2 |     4 ||     7
       Chunk             |       |     3 |     1 ||     4
Armor: Scale mail        |    80 |    33 |    28 ||   141
       Chain mail        |       |       |   174 ||   174
Dodge: Dodged            |    45 |    40 |   169 ||   254
       Deflected         |       |       |     5 ||     5
Block: Shield            |    86 |    25 |       ||   111
       Other             |       |       |    28 ||    28
